 Dungeon Sprint DCSS version 0.30-a0-58-gc0703345a7 (webtiles) character file.

Game seed: 986910388091794854

1038 mhtbhm the Geomancer (level 8, -3/42 HPs)
             Began as a Gargoyle Earth Elementalist on Sept 11, 2022.
             Was a Priest of Vehumet.
             Slain by an orc warrior
             ... wielding a +0 scimitar
              (10 damage)
             ... in the Dungeon (Sprint VII: "The Pits").
             The game lasted 00:01:48 (563 turns).

mhtbhm the Geomancer (Gargoyle Earth Elementalist)   Turns: 563, Time: 00:01:48

Health: -3/42      AC:  7    Str: 12    XL:     8   Next: 24%
Magic:  14/21      EV: 13    Int: 18    God:    Vehumet [***...]
Gold:   0          SH:  0    Dex: 10    Spells: 15/25 levels left

rFire   . . .      SeeInvis .    i - +2 mace (protect)
rCold   . . .      Faith    .    (no shield)
rNeg    + . .      Spirit   .    a - +0 robe
rPois   ∞          Reflect  .    (no helmet)
rElec   +          Harm     .    (no cloak)
rCorr   .          Rampage  .    (no gloves)
Will    .....      NoTele   +    (no boots)
Stlth   +++.......               (no amulet)
HPRegen 0.14/turn                (no ring)
MPRegen 0.17/turn                (no ring)

@: no status effects
A: sickness immunity, AC +5, negative energy resistance 1, electricity
resistance, torment resistance 1, petrification resistance
a: Renounce Religion


You were in the Dungeon.
You worshipped Vehumet.
Vehumet was most pleased with you.
You visited 1 branch

Inventory:

Hand Weapons
 i - a +2 mace of protection (weapon)
Armour
 a - a +0 robe (worn)
Scrolls
 e - 5 scrolls of amnesia
 g - a scroll of blinking
 h - a scroll of summoning
Potions
 b - 3 potions of magic
 c - 6 potions of curing
 d - 2 potions of invisibility
 f - 3 potions of berserk rage
 j - 4 potions of heal wounds


   Skills:
 - Level 0.9 Fighting
 + Level 5.6 Dodging
 + Level 5.8 Stealth
 + Level 9.0 Spellcasting
 + Level 1.3 Conjurations
 + Level 1.6 Transmutations
 + Level 14.8 Earth Magic


You had 15 spell levels left.
You knew the following spells:

 Your Spells              Type           Power      Damage    Failure   Level
a - Sandblast             Erth           100%       2d20      0%          1
b - Passwall              Tmut/Erth      30%        N/A       1%          2
c - Stone Arrow           Conj/Erth      74%        3d11      1%          3
d - Petrify               Tmut/Erth      37%        N/A       3%          4

Your spell library contained the following spells:

 Spells                   Type           Power      Damage    Failure   Level
 Freeze                   Ice            32%        1d5       2%          1


Dungeon Overview and Level Annotations

Branches:
Dungeon (1/1)

Altars:
Ashenzari
Cheibriados
Dithmenos
Elyvilon
Fedhas
Gozag
Hepliaklqana
Kikubaaqudgha
Makhleb
Nemelex Xobeh
Okawaru
Qazlal
Ru
Sif Muna
Trog
Uskayaw
Vehumet
Wu Jian
Xom
Yredelemnul
Zin
The Shining One
Jiyva
Lugonu


Innate Abilities, Weirdness & Mutations

You are immune to sickness and miasma.
Your stone body is resilient. (AC +5)
You are immune to poison.
You resist negative energy. (rN+)
You are resistant to electric shocks. (rElec)
You are resistant to unholy torment.
You are immune to petrification.


Message History

Aim: an orc warrior, wielding a +0 scimitar and wearing a +0 plate armour (severely wounded, 85% to hit)
The blast of sand hits the orc warrior!
The orc warrior is almost dead.
The orc warrior closely misses you.
Unknown command.
Casting: Sandblast (safe; 0% risk of failure)
Confirm with . or Enter, or press ? or * to list all spells.
Aiming: Sandblast (safe; 0% risk of failure)
Press: ? - help, Shift-Dir - straight line, f/p - orc warrior
Aim: an orc warrior, wielding a +0 scimitar and wearing a +0 plate armour (almost dead, 85% to hit)
The blast of sand hits the orc warrior but does no damage.
The orc warrior is almost dead.
The orc priest mumbles some strange prayers to Beogh against you.
Beogh smites you! The orc warrior barely misses you. x2
The orc priest mumbles some strange prayers to Beogh against you.
Beogh smites you!
* * * LOW HITPOINT WARNING * * *
You hear an angry hiss.
Unknown command.
You feel much better.
The orc warrior hits you with a +0 scimitar!
Casting: Sandblast (safe; 0% risk of failure)
Confirm with . or Enter, or press ? or * to list all spells.
Aiming: Sandblast (safe; 0% risk of failure)
Press: ? - help, Shift-Dir - straight line, f/p - orc warrior
Aim: an orc warrior, wielding a +0 scimitar and wearing a +0 plate armour (almost dead, 85% to hit)
The blast of sand hits the orc warrior but does no damage.
The orc warrior is almost dead.
The orc warrior closely misses you.
Casting: Sandblast (safe; 0% risk of failure)
Confirm with . or Enter, or press ? or * to list all spells.
Aiming: Sandblast (safe; 0% risk of failure)
Press: ? - help, Shift-Dir - straight line, f/p - orc warrior
Aim: an orc warrior, wielding a +0 scimitar and wearing a +0 plate armour (almost dead, 85% to hit)
The blast of sand hits the orc warrior but does no damage.
The orc warrior is almost dead.
The orc warrior hits you with a +0 scimitar!
* * * LOW HITPOINT WARNING * * *
The orc warrior hits you with a +0 scimitar!
You die...

#...........'.....
#'#####'#####.....
#.#...#)#[[##.....
#.#...#.#))#####'#
#.#...).#))##.....
#.##'####))##.....
#.#..)..#..##.....
#.#.....#'###...<.
#@#........##.....
#o#........##.....
#{###########.....
#.o.o...# ######
#)###...# #.# .#
#.# #.. #..


You could see an orc warrior and an orc priest.

Vanquished Creatures
  4 dream sheep (D)
  A floating eye (D)
  An ogre (D)
  2 wights (D)
  An orc wizard (D)
  A river rat (D)
  An ufetubus (D)
  A ball python (D)
  A goblin (D)
  A jackal skeleton (D)
  A jackal zombie (D)
  2 kobolds (D)
  A rat (D)
18 creatures vanquished.

Notes
Turn   | Place    | Note
-------+----------+-------------------------------------------
     0 | D        | mhtbhm the Gargoyle Earth Elementalist began the quest for
                  | the Orb.
     0 | D        | Reached XP level 1. HP: 10/10 MP: 3/3
    11 | D        | Noticed a dream sheep
    11 | D        | Noticed a dream sheep
    11 | D        | Noticed a dream sheep
    11 | D        | Noticed a dream sheep
    27 | D        | Killed a dream sheep
    28 | D        | Reached skill level 5 in Spellcasting
    28 | D        | Reached skill level 1 in Transmutations
    28 | D        | Reached skill level 9 in Earth Magic
    28 | D        | Reached XP level 2. HP: 15/15 MP: 2/8
    28 | D        | Reached XP level 3. HP: 19/19 MP: 2/9
    28 | D        | Reached XP level 4. HP: 24/24 MP: 2/11
    28 | D        | Reached XP level 5. HP: 28/28 MP: 2/12
    29 | D        | Killed a dream sheep
    30 | D        | Reached skill level 12 in Earth Magic
    30 | D        | Reached XP level 6. HP: 23/33 MP: 1/15
   152 | D        | Learned a level 2 spell: Passwall
   156 | D        | Learned a level 3 spell: Stone Arrow
   161 | D        | Learned a level 4 spell: Petrify
   238 | D        | Killed a dream sheep
   239 | D        | Reached skill level 5 in Dodging
   239 | D        | Reached skill level 5 in Stealth
   239 | D        | Reached skill level 13 in Earth Magic
   239 | D        | Reached XP level 7. HP: 37/37 MP: 8/17
   243 | D        | Killed a dream sheep
   244 | D        | Reached skill level 1 in Conjurations
   347 | D        | Reached skill level 14 in Earth Magic
   405 | D        | Found a bloodstained altar of Trog.
   405 | D        | Found a shimmering blue altar of Sif Muna.
   405 | D        | Found a viscous altar of Jiyva.
   405 | D        | Found a hazy altar of Hepliaklqana.
   405 | D        | Found an opulent altar of Gozag.
   406 | D        | Found a glowing golden altar of the Shining One.
   406 | D        | Found a glowing silver altar of Zin.
   406 | D        | Found a basalt altar of Yredelemnul.
   406 | D        | Found a shimmering altar of Xom.
   406 | D        | Found an ornate altar of the Wu Jian Council.
   406 | D        | Found a sacrificial altar of Ru.
   406 | D        | Found a stormy altar of Qazlal.
   406 | D        | Found an iron altar of Okawaru.
   406 | D        | Found a sparkling altar of Nemelex Xobeh.
   406 | D        | Found a burning altar of Makhleb.
   406 | D        | Found a blossoming altar of Fedhas.
   406 | D        | Found a white marble altar of Elyvilon.
   406 | D        | Found a shadowy altar of Dithmenos.
   406 | D        | Found a snail-covered altar of Cheibriados.
   408 | D        | Found a radiant altar of Vehumet.
   408 | D        | Found a corrupted altar of Lugonu.
   409 | D        | Found a hide-covered altar of Uskayaw.
   409 | D        | Found an ancient bone altar of Kikubaaqudgha.
   409 | D        | Found a broken altar of Ashenzari.
   416 | D        | Became a worshipper of Vehumet
   466 | D        | Reached * piety under Vehumet
   466 | D        | Offered knowledge of Freeze by Vehumet.
   485 | D        | Reached ** piety under Vehumet
   486 | D        | Reached XP level 8. HP: 42/42 MP: 18/20
   554 | D        | Reached *** piety under Vehumet
   563 | D        | Slain by an orc warrior

Illustrated notes

Levels and vault maps discovered:
D:        pitsprint [storerooms_1, entrance_room_1, metal_vault_6, armoury_2,
          mini_pit_1, grid_room_1, main_hall_1, silver_pit, the_coven_3,
          the_vestibule_1, steel_vault_1, golden_pit, hallway_of_sentries,
          crystal_vault_1, iron_vault_1, final_vault]

Skill      XL: |  1  2  3  4  5  6  7  8 |
---------------+-------------------------+-----
Dodging        | 3 4 5 |  5.6
Stealth        | 4 5 |  5.8
Spellcasting   | 5 6 7 8 9 |  9.0
Transmutations | 1 |  1.6
Earth Magic    | 9 12 13 14 | 14.8
Conjurations   | 1 |  1.3
Fighting       | |  0.9

Action                   |  1- 3 |  4- 6 |  7- 9 || total
-------------------------+-------+-------+-------++-------
 Cast: Sandblast         |     7 |     4 |    20 ||    31
       Stone Arrow       |       |     2 |     3 ||     5
  Use: Potion            |     4 |       |     1 ||     5
Armor: Robe              |     5 |     2 |       ||     7
Dodge: Dodged            |     6 |     4 |     8 ||    18

Table legend: (Time is in decaauts)
 A = Elapsed time spent in this place.
 B = Non-inter-level travel time spent in this place.
 C = Inter-level travel time spent in this place.
 D = Time resting spent in this place.
 E = Time spent auto-exploring this place.
 F = Levels seen in this place.
 G = Mean time per level.
                   A        B        C        D        E       F      G
               +--------+--------+--------+--------+--------+-----+--------+
         Total |    558 |    558 |      0 |    314 |     43 |   1 |  558.0 |
       Dungeon |    558 |    558 |      0 |    314 |     43 |   1 |  558.0 |
               +--------+--------+--------+--------+--------+-----+--------+

Top non-repeatable levels by time:
       D: 558 daAuts
